 Dungeon Crawl Stone Soup version 0.29-a0-557-g43b9904bd1 (webtiles) character file.

Game seed: 2293253137479871246

115 Crownlay the Grave Robber (level 5, -8/37 HPs)
             Began as a Gnoll Necromancer on June 8, 2022.
             Killed by nerve-wracking pain
             ... invoked by a shadow imp
              (13 damage)
             ... on level 3 of the Dungeon.
             The game lasted 00:04:03 (2134 turns).

Crownlay the Grave Robber (Gnoll Necromancer)       Turns: 2134, Time: 00:04:04

Health: -8/37      AC:  2    Str:  7    XL:     5   Next: 0%
Magic:  5/12       EV: 13    Int: 17    God:
Gold:   88         SH:  0    Dex: 12    Spells: 7/14 levels left

rFire   . . .      SeeInvis .   d - +0 whip
rCold   . . .      Faith    .   (no shield)
rNeg    . . .      Spirit   .   a - +0 robe
rPois   .          Reflect  .   (no helmet)
rElec   .          Harm     .   (no cloak)
rCorr   .          Rampage  .   (no gloves)
Will    .....                   (no boots)
Stlth   +++.......              (no amulet)
HPRegen 0.12/turn               (no ring)
MPRegen 0.13/turn               (no ring)

@: lethally poisoned (-8 -> -16), very slightly contaminated
A: fangs 1, strong nose, distributed training
a: no special abilities


You were on level 3 of the Dungeon.
You visited 1 branch of the dungeon, and saw 3 of its levels.

You collected 88 gold pieces.

Inventory:

Hand Weapons
 d - a +0 whip (weapon)
Armour
 a - a +0 robe (worn)
 m - a +2 buckler
Scrolls
 c - a scroll of poison
 e - a scroll of fog
 g - a scroll of teleportation
 j - a scroll of summoning {unknown}
 k - a scroll of immolation {unknown}
Potions
 b - 2 potions of magic
 h - 2 potions of degeneration {unknown}
 i - a potion of curing {unknown}
 l - 2 potions of invisibility {unknown}


   Skills:
 + Level 1.3 Fighting
 + Level 1.3 Short Blades
 + Level 1.3 Long Blades
 + Level 1.3 Axes
 + Level 1.3 Maces & Flails
 + Level 1.3 Polearms
 + Level 1.3 Staves
 + Level 1.3 Slings
 + Level 1.3 Bows
 + Level 1.3 Crossbows
 + Level 1.3 Throwing
 + Level 1.3 Armour
 + Level 4.7 Dodging
 + Level 4.3 Stealth
 + Level 1.3 Shields
 + Level 1.3 Unarmed Combat
 + Level 5.1 Spellcasting
 + Level 1.0 Conjurations
 + Level 1.0 Hexes
 + Level 1.0 Summonings
 + Level 7.1 Necromancy
 + Level 1.0 Translocations
 + Level 1.0 Transmutations
 + Level 1.0 Fire Magic
 + Level 1.0 Ice Magic
 + Level 1.0 Air Magic
 + Level 1.0 Earth Magic
 + Level 1.0 Poison Magic
 + Level 1.4 Invocations
 + Level 1.3 Evocations


You had 7 spell levels left.
You knew the following spells:

 Your Spells              Type           Power      Damage    Failure   Level
a - Necrotize             Necr           100%       1d9       1%          1
b - Poisonous Vapours     Pois/Air       16%        N/A       14%         2
c - Animate Dead          Necr           28%        N/A       8%          4

Your spell library contained the following spells:

 Spells                   Type           Power      Damage    Failure   Level
 Vampiric Draining        Necr           28%        2d8       2%          3
 Slow                     Hex            32%        N/A       9%          1
 Agony                    Necr           28%        N/A       21%         5
 Confusing Touch          Hex            8%         N/A       26%         3
 Stone Arrow              Conj/Erth      16%        3d8       26%         3
 Corpse Rot               Necr/Pois/Air  14%        N/A       36%         4
 Animate Armour           Summ/Erth      16%        N/A       65%         4
 Lehudib's Crystal Spear  Conj/Erth      4%         10d3      100%        8


Dungeon Overview and Level Annotations

Branches:
Dungeon (3/15)

Altars:

Shops:
D:2 (


Innate Abilities, Weirdness & Mutations

You have very sharp teeth.
Your uncanny sense of smell can sniff out nearby items.
Your experience applies equally to all skills.


Message History

The adder closely misses you. The shadow imp barely misses you.
Your adder skeleton bites the shadow imp.
The adder misses you.
Casting: Necrotize (safe; 1% risk of failure)
Confirm with . or Enter, or press ? or * to list all spells.
The spell is quite dangerous to miscast (8% risk of failure)!
Continue anyway?
You miscast Animate Dead.
You are very lightly contaminated with residual magic.
Nothing appears to happen.
You feel sick. The shadow imp hits you. The adder bites you.
You are more poisoned.
The adder poisons you!
Your adder skeleton closely misses the shadow imp.
You closely miss the adder. You bite the adder, but do no damage.
You feel very sick. The adder misses you.
The shadow imp hits you but does no damage.
Your adder skeleton bites the shadow imp but does no damage.
You barely miss the adder.
You feel sick. The adder misses you. The shadow imp barely misses you.
Your adder skeleton barely misses the shadow imp.
The adder bites you.
You are more poisoned.
The adder poisons you!
You hit the adder.
The adder is moderately wounded.
You feel very sick. The shadow imp hits you.
* * * LOW HITPOINT WARNING * * *
Your adder skeleton bites the shadow imp.
The adder closely misses you.
You miss the adder.
The adder is moderately wounded.
* * * LOW HITPOINT WARNING * * *
You feel very sick. The adder misses you.
Your adder skeleton barely misses the shadow imp.
The shadow imp gestures at you. Pain shoots through your body!
You die...

### ##.. ## ...# .∆
... ##..# .# #..
#..###...###.# #..
#..$.#5S##... ..
#..@Z#..# .#
##†..#.########.#
##..........#..##
#.....#####.....#
#..##.# ##.<# ∆
#..##.### #..##
....##...###.##
#...#####...#.#####
...## #..#.......#


You could see an adder, a shadow imp (ally target) and a friendly adder
skeleton.

Vanquished Creatures
  3 gnolls (D:2)
  4 adders
  A dart slug (D:1)
  6 ball pythons
  4 giant cockroaches
  5 goblins
  4 hobgoblins
  3 kobolds
  4 quokkas
  5 bats
  3 frilled lizards
42 creatures vanquished.

Vanquished Creatures (collateral kills)
  A goblin (D:2)
  A hobgoblin (D:2)
2 creatures vanquished.

Grand Total: 44 creatures vanquished

Notes
Turn   | Place    | Note
-------+----------+-------------------------------------------
     0 | D:1      | Crownlay the Gnoll Necromancer began the quest for the Orb.
     0 | D:1      | Reached XP level 1. HP: 13/13 MP: 6/6
   115 | D:1      | Found a faded altar of an unknown god.
   137 | D:1      | Reached XP level 2. HP: 19/19 MP: 3/7
   791 | D:1      | Reached XP level 3. HP: 25/25 MP: 7/9
   863 | D:1      | Learned a level 2 spell: Poisonous Vapours
   877 | D:2      | Reached skill level 5 in Spellcasting
   992 | D:2      | Reached skill level 1 in Invocations
  1083 | D:2      | Reached skill level 1 in Fighting
  1083 | D:2      | Reached skill level 1 in Short Blades
  1083 | D:2      | Reached skill level 1 in Long Blades
  1083 | D:2      | Reached skill level 1 in Axes
  1083 | D:2      | Reached skill level 1 in Maces & Flails
  1083 | D:2      | Reached skill level 1 in Polearms
  1083 | D:2      | Reached skill level 1 in Staves
  1083 | D:2      | Reached skill level 1 in Slings
  1083 | D:2      | Reached skill level 1 in Bows
  1083 | D:2      | Reached skill level 1 in Crossbows
  1083 | D:2      | Reached skill level 1 in Throwing
  1083 | D:2      | Reached skill level 1 in Armour
  1083 | D:2      | Reached skill level 1 in Shields
  1083 | D:2      | Reached skill level 1 in Unarmed Combat
  1083 | D:2      | Reached skill level 1 in Evocations
  1140 | D:2      | Reached XP level 4. HP: 32/32 MP: 1/11
  1447 | D:2      | Reached skill level 1 in Conjurations
  1447 | D:2      | Reached skill level 1 in Hexes
  1447 | D:2      | Reached skill level 1 in Summonings
  1447 | D:2      | Reached skill level 1 in Translocations
  1447 | D:2      | Reached skill level 1 in Transmutations
  1447 | D:2      | Reached skill level 1 in Fire Magic
  1447 | D:2      | Reached skill level 1 in Ice Magic
  1447 | D:2      | Reached skill level 1 in Air Magic
  1447 | D:2      | Reached skill level 1 in Earth Magic
  1447 | D:2      | Reached skill level 1 in Poison Magic
  1513 | D:2      | Learned a level 4 spell: Animate Dead
  1715 | D:2      | Found Vusaghets's Weapon Shoppe.
  2124 | D:3      | Reached XP level 5. HP: 37/37 MP: 7/12
  2134 | D:3      | Killed from afar by a shadow imp

Illustrated notes

Levels and vault maps discovered:
D:1:      lemuel_arrival_hallway, layout_loops_ring,
          dreamdust_ecumenical_altar_angels_and_demons
D:2:      minmay_spotlight, layout_rooms, serial_shops, nicolae_square_shop
D:3:      layout_rooms, marbit_many_paths, portal_sewer_entry_d,
          minmay_statues_item, hangedman_feature_mirror

Skill      XL: |  1  2  3  4 |
---------------+-------------+-----
Spellcasting   | 5 |  5.1
Invocations    | 1 |  1.4
Fighting       | 1 |  1.3
Short Blades   | 1 |  1.3
Long Blades    | 1 |  1.3
Axes           | 1 |  1.3
Maces & Flails | 1 |  1.3
Polearms       | 1 |  1.3
Staves         | 1 |  1.3
Slings         | 1 |  1.3
Bows           | 1 |  1.3
Crossbows      | 1 |  1.3
Throwing       | 1 |  1.3
Armour         | 1 |  1.3
Shields        | 1 |  1.3
Unarmed Combat | 1 |  1.3
Evocations     | 1 |  1.3
Conjurations   | 1 |  1.0
Hexes          | 1 |  1.0
Summonings     | 1 |  1.0
Translocations | 1 |  1.0
Transmutations | 1 |  1.0
Fire Magic     | 1 |  1.0
Ice Magic      | 1 |  1.0
Air Magic      | 1 |  1.0
Earth Magic    | 1 |  1.0
Poison Magic   | 1 |  1.0
Dodging        | |  4.7
Stealth        | |  4.3
Necromancy     | |  7.1

Action                   |  1- 3 |  4- 6 || total
-------------------------+-------+-------++-------
Melee: Whip              |     3 |    39 ||    42
       Bite              |       |     6 ||     6
 Cast: Necrotize         |    49 |    27 ||    76
       Poisonous Vapours |     8 |     3 ||    11
       Animate Dead      |       |     2 ||     2
  Use: Scroll            |       |     3 ||     3
Armor: Robe              |     2 |    12 ||    14
Dodge: Dodged            |     8 |    51 ||    59

Table legend: (Time is in decaauts)
 A = Elapsed time spent in this place.
 B = Non-inter-level travel time spent in this place.
 C = Inter-level travel time spent in this place.
 D = Time resting spent in this place.
 E = Time spent auto-exploring this place.
 F = Levels seen in this place.
 G = Mean time per level.
                   A        B        C        D        E       F      G
               +--------+--------+--------+--------+--------+-----+--------+
         Total |   2136 |   2099 |     37 |     49 |   1752 |   3 |  712.0 |
       Dungeon |   2136 |   2099 |     37 |     49 |   1752 |   3 |  712.0 |
               +--------+--------+--------+--------+--------+-----+--------+

Top non-repeatable levels by time:
     D:2: 1226 daAuts
     D:1: 873 daAuts
     D:3: 35 daAuts
